 Dungeon Sprint DCSS version 0.26-a0-690-gcb57259078 (webtiles) character file.

Game seed: 3915204385938457896

1706 jfcaron the Fighter (level 9, -5/135 HPs)
             Began as a Hill Orc Fighter on Oct 23, 2020.
             Was a Believer of Qazlal.
             Slain by a demonic crawler (8 damage)
             ... in the Dungeon (Sprint I: "Red Sonja").
             The game lasted 00:03:29 (1284 turns).

jfcaron the Fighter (Hill Orc Fighter)              Turns: 1284, Time: 00:03:30

Health: -5/135     AC:  9    Str: 22    XL:     9   Next: 3%
Magic:  13/15      EV:  9    Int:  8    God:    Qazlal [**....]
Gold:   411        SH: 15    Dex: 10    Spells: 8/8 levels left

rFire    . . .     SeeInvis .   a - +0 war axe
rCold    . . .     Faith    .   c - +0 kite shield
rNeg     . . .     Spirit   .   b - +0 scale mail
rPois    .         Reflect  .   (no helmet)
rElec    .         Harm     .   (no cloak)
rCorr    .         Rampage  .   (no gloves)
MR       .....     NoTele   +   (no boots)
Stlth    ..........             (no amulet)
HPRegen  0.32/turn              (no ring)
MPRegen  0.14/turn              (no ring)

@: berserking (expiring), very quick
A: no striking features
a: Upheaval, Renounce Religion


You were in the Dungeon.
You worshipped Qazlal.
Qazlal was pleased with you.
You visited 1 branch You collected 411 gold pieces.

Inventory:

Hand Weapons
 a - a +0 war axe (weapon)
Armour
 b - a +0 scale mail (worn)
 c - a +0 kite shield (worn)
Wands
 k - a wand of flame (6)
Scrolls
 j - a scroll of blinking
 l - a scroll of identify {unknown}
Potions
 d - a potion of might
 e - a potion of curing
 f - a potion of heal wounds
 g - a potion of haste
 h - 2 potions of magic


   Skills:
 + Level 12.0 Fighting
 - Level 10.0 Axes
 + Level 11.3 Armour
 + Level 11.1 Shields
 + Level 8.7 Invocations


You had 8 spell levels left.
You didn't know any spells.
Your spell library was empty.

Dungeon Overview and Level Annotations

Branches:
Dungeon (1/1)

Altars:
Cheibriados
Dithmenos
Elyvilon
Fedhas
Gozag
Hepliaklqana
Kikubaaqudgha
Makhleb
Nemelex Xobeh
Okawaru
Qazlal
Ru
Sif Muna
Trog
Uskayaw
Vehumet
Wu Jian
Xom
Yredelemnul
Zin
The Shining One
Jiyva
Lugonu

Shops:
D *

Annotations:
D exclusion: door


Message History

Your experience leads to an increase in your attributes!
Increase (S)trength, (I)ntelligence, or (D)exterity?
You feel stronger.
You closely miss the demonic crawler. You slash the demonic crawler!
The demonic crawler is moderately wounded.
You hit the demonic crawler.
You block the demonic crawler's attack. x2
The demonic crawler hits you.
* * * LOW HITPOINT WARNING * * *
The demonic crawler hits you.
* * * LOW HITPOINT WARNING * * *
The demonic crawler hits you!
* * * LOW HITPOINT WARNING * * *
You block the demonic crawler's attack.
You slash the demonic crawler!
The demonic crawler is severely wounded.
You hit the demonic crawler. The demonic crawler hits you.
* * * LOW HITPOINT WARNING * * *
You block the demonic crawler's attack. x2; The demonic crawler hits you!
You die...

######################
..').#.)'..#__#.@s...#
[.#..'..#..'..'.s#...##+#
####'#####+#__####...'..#
###..#...#.#### #####..+
__####..##.#§§§§ ##
_____##'#_.+§≈§§
_.∩...'..._#§≈≈§c#
_..__##_.#+# +####
_____###+#


You could see 2 demonic crawlers.

Vanquished Creatures
  A gargoyle (D)
  2 kobold demonologists (D)
  2 demonic crawlers (D)
  A slime creature (D)
  Sigmund (D)
  A yak (D)
  A floating eye (D)
  An ogre (D)
  A jelly (D)
  Ijyb (D)
12 creatures vanquished.

Notes
Turn   | Place    | Note
-------+----------+-------------------------------------------
     0 | D        | jfcaron the Hill Orc Fighter began the quest for the Orb.
     0 | D        | Reached XP level 1. HP: 19/19 MP: 1/1
     1 | D        | Noticed Ijyb
    17 | D        | Killed Ijyb
    17 | D        | Reached skill level 5 in Fighting
    17 | D        | Reached XP level 2. HP: 23/29 MP: 2/2
    17 | D        | Reached XP level 3. HP: 29/36 MP: 3/3
    74 | D        | Noticed an ogre
    80 | D        | HP: 5/36 [ogre/+0 giant club (6)]
    82 | D        | Killed an ogre
    82 | D        | Reached skill level 6 in Fighting
    82 | D        | Reached XP level 4. HP: 6/45 MP: 4/4
   349 | D        | Noticed Sigmund
   372 | D        | HP: 5/45 [something/puff of flame (10)]
   373 | D        | Killed Sigmund
   373 | D        | Reached skill level 8 in Fighting
   373 | D        | Reached XP level 5. HP: 6/55 MP: 5/5
   373 | D        | Reached XP level 6. HP: 6/62 MP: 6/6
   602 | D        | Killed a gargoyle
   660 | D        | Found an ornate altar of the Wu Jian Council.
   660 | D        | Found a shimmering blue altar of Sif Muna.
   662 | D        | Found a radiant altar of Vehumet.
   688 | D        | Found Osevvil's General Store.
   688 | D        | Found an ancient bone altar of Kikubaaqudgha.
   688 | D        | Found a hazy altar of Hepliaklqana.
   688 | D        | Found a stormy altar of Qazlal.
   688 | D        | Found a hide-covered altar of Uskayaw.
   688 | D        | Found a blossoming altar of Fedhas.
   688 | D        | Found a bloodstained altar of Trog.
   688 | D        | Found an iron altar of Okawaru.
   688 | D        | Found a basalt altar of Yredelemnul.
   688 | D        | Found a glowing golden altar of the Shining One.
   688 | D        | Found a snail-covered altar of Cheibriados.
   688 | D        | Found a sacrificial altar of Ru.
   688 | D        | Found a glowing silver altar of Zin.
   688 | D        | Found a shadowy altar of Dithmenos.
   688 | D        | Found a white marble altar of Elyvilon.
   688 | D        | Noticed a yak
   708 | D        | Killed a yak
   708 | D        | Reached skill level 9 in Fighting
   708 | D        | Reached XP level 7. HP: 47/70 MP: 7/7
   709 | D        | Found an opulent altar of Gozag.
   710 | D        | Found a sparkling altar of Nemelex Xobeh.
   712 | D        | Became a worshipper of Qazlal Stormbringer
   826 | D        | Noticed a centaur warrior
   933 | D        | Found a burning altar of Makhleb.
   933 | D        | Found a viscous altar of Jiyva.
   933 | D        | Found a shimmering altar of Xom.
   933 | D        | Found a corrupted altar of Lugonu.
   933 | D        | Noticed a slime creature
   944 | D        | Killed a slime creature
   944 | D        | Reached skill level 10 in Fighting
   944 | D        | Reached skill level 10 in Axes
  1129 | D        | Noticed a kobold demonologist
  1129 | D        | Noticed a kobold demonologist
  1133 | D        | Noticed a sun demon
  1133 | D        | Noticed an ice devil
  1134 | D        | Noticed a rust devil
  1137 | D        | Noticed a smoke demon
  1143 | D        | Noticed a soul eater
  1145 | D        | Noticed a ynoxinul
  1147 | D        | Killed a kobold demonologist
  1147 | D        | Reached * piety under Qazlal
  1147 | D        | Reached skill level 10 in Armour
  1147 | D        | Reached skill level 10 in Shields
  1147 | D        | Reached XP level 8. HP: 69/81 MP: 10/12
  1151 | D        | Noticed a red devil
  1152 | D        | Killed a kobold demonologist
  1152 | D        | Reached skill level 11 in Fighting
  1261 | D        | Noticed a demonic crawler
  1261 | D        | Noticed a demonic crawler
  1261 | D        | Noticed a demonic crawler
  1261 | D        | Noticed a demonic crawler
  1276 | D        | Killed a demonic crawler
  1276 | D        | Reached ** piety under Qazlal
  1279 | D        | HP: 18/124 [demonic crawler (8)]
  1282 | D        | Killed a demonic crawler
  1282 | D        | Reached skill level 12 in Fighting
  1282 | D        | Reached XP level 9. HP: 19/90 MP: 13/15
  1283 | D        | HP: 6/135 [demonic crawler (7)]
  1284 | D        | Slain by a demonic crawler

Illustrated notes

Levels and vault maps discovered:
D:        dungeon_sprint_1 [red_sonja_temple_1, red_sonja_temple_small_1]

Skill      XL: |  1  2  3  4  5  6  7  8 |
---------------+-------------------------+-----
Fighting       | 5 6 8 9 10 12 | 12.0
Axes           | 4 6 8 9 10 | 10.0
Armour         | 4 6 7 8 10 11 | 11.3
Shields        | 4 6 7 8 10 11 | 11.1
Invocations    | 6 8 |  8.7

Action                   |  1- 3 |  4- 6 |  7- 9 || total
-------------------------+-------+-------+-------++-------
Melee: War axe           |    23 |    45 |    50 ||   118
Evoke: Wand              |       |     1 |     2 ||     3
  Use: Potion            |       |       |     1 ||     1
Armor: Scale mail        |     6 |     9 |    42 ||    57
Dodge: Dodged            |     7 |     8 |    43 ||    58
Block: Kite shield       |    11 |     9 |    68 ||    88

Table legend: (Time is in decaauts)
 A = Elapsed time spent in this place.
 B = Non-inter-level travel time spent in this place.
 C = Inter-level travel time spent in this place.
 D = Time resting spent in this place.
 E = Time spent auto-exploring this place.
 F = Levels seen in this place.
 G = Mean time per level.
                   A        B        C        D        E       F      G
               +--------+--------+--------+--------+--------+-----+--------+
         Total |   1296 |   1296 |      0 |   1049 |      0 |   1 | 1296.0 |
       Dungeon |   1296 |   1296 |      0 |   1049 |      0 |   1 | 1296.0 |
               +--------+--------+--------+--------+--------+-----+--------+

Top non-repeatable levels by time:
       D: 1296 daAuts
